 Dungeon Crawl Stone Soup version 0.25-a0-346-g140ab78 (webtiles) character file.

Game seed: 7882262837317034498, levelgen mode: deterministic

860 Blackhawk the Chopper (level 7, -12/55 HPs)
             Began as a Demonspawn Gladiator on Dec 31, 2019.
             Was a Follower of Makhleb.
             Killed from afar by a gargoyle (17 damage)
             ... with a stone arrow
             ... on level 6 of the Dungeon.
             The game lasted 00:14:50 (6283 turns).

Blackhawk the Chopper (Demonspawn Gladiator)        Turns: 6283, Time: 00:14:51

Health: -12/55     AC: 13    Str: 17    XL:     7   Next: 71%
Magic:  7/7        EV: 12    Int:  9    God:    Makhleb [*.....]
Gold:   216        SH:  5    Dex: 19    Spells: 6/6 levels left

rFire    . . .     SeeInvis .   a - +0 war axe
rCold    . . .     Gourm    .   q - +0 buckler
rNeg     . . .     Faith    .   E - +0 plate armour
rPois    .         Spirit   .   (helmet restricted)
rElec    .         Reflect  .   (no cloak)
rCorr    .         Harm     .   r - +0 pair of gloves
MR       .....                  C - +0 pair of boots
Stlth    ..........             (no amulet)
HPRegen  0.18/turn              (no ring)
MPRegen  0.10/turn              (no ring)

@: agile
A: antennae 1, claws 1, talons 1, nightstalker 2
a: Renounce Religion


You were on level 6 of the Dungeon.
You worshipped Makhleb.
Makhleb was aware of your devotion.
You were near starving.

You visited 1 branch of the dungeon, and saw 6 of its levels.

You collected 246 gold pieces.
You spent 30 gold pieces at shops.

Inventory:

Hand Weapons
 a - a +0 war axe (weapon)
Missiles
 d - 4 throwing nets (quivered)
Armour
 b - a +0 leather armour
 c - a +0 helmet
 e - a +0 chain mail
 q - a +0 buckler (worn)
 r - a +0 pair of gloves (worn)
 C - a +0 pair of boots (worn)
 E - a +0 plate armour (worn)
Jewellery
 g - an uncursed amulet of harm
 v - an uncursed ring of see invisible {unknown}
 w - an uncursed amulet of rage {unknown}
 z - an uncursed amulet of rage {unknown}
Wands
 y - a wand of iceblast (10)
Scrolls
 m - 2 scrolls of fear {unknown}
 o - 3 scrolls of fog {unknown}
 t - 2 scrolls of noise {unknown}
 u - 3 scrolls of amnesia {unknown}
 A - a scroll of enchant armour {unknown}
 D - a scroll of remove curse {unknown}
 H - a scroll of random uselessness {unknown}
 I - a scroll of enchant weapon {unknown}
Potions
 h - a potion of lignification
 j - 2 potions of mutation
 p - 7 potions of curing
 s - 4 potions of invisibility
 x - 3 potions of degeneration
 B - 2 potions of flight
 F - a potion of ambrosia
 G - a potion of magic
Comestibles
 f - 9 rations


   Skills:
 + Level 4.5 Fighting
 + Level 4.7 Axes
 - Level 2.7 Throwing
 + Level 2.6 Armour
 - Level 4.2 Dodging
 + Level 2.7 Shields


You had 6 spell levels left.
You didn't know any spells.
Your spell library was empty.

Dungeon Overview and Level Annotations

Branches:
Dungeon (6/15)             Temple (0/1) D:4

Altars:
Gozag
Makhleb
Trog

Shops:
D:4 !:


Innate Abilities, Weirdness & Mutations

You have a pair of small antennae on your head.
You have sharp fingernails.
You have sharp toenails.
You are significantly more attuned to the shadows.


Message History

The gargoyle is lightly damaged.
The gargoyle hurls a stone arrow at you.
The stone arrow misses you.
You hit the gargoyle but do no damage.
The gargoyle is lightly damaged.
The gargoyle hurls a stone arrow at you.
The stone arrow misses you.
You hit the gargoyle but do no damage.
The gargoyle is lightly damaged.
The gargoyle hits you with a +0 dire flail!
* * * LOW HITPOINT WARNING * * *
Unknown command.
Unknown command.
Unknown command.
The gargoyle hurls a stone arrow at you.
The stone arrow misses you.
There is a stone staircase leading up here.
The gargoyle hurls a stone arrow at you.
The stone arrow hits you!
You die...

#######.....####.######
#.......9...####.## *
#.#######.........# *
*****######.# ##.#.#####.## *
,,,,,.......#####.###.####.##
** ,****#####.......##
##......#***, ,*
#..####.9###.#.##....<,, ,*
#..# #.#.#.##.##..##.., ,*
#..# #@##.###....9..,., ,*
#####..####.##.# ####..##.**
,*
#.....<.....##.###.##..#.#,*
,*
##.###(.#######9##.#.#...#**,
,* ##.#.##..# #.....9...#.#
** ,*##.###.#..#
#.......#...#**, .##.##
##..(# #.###...#.##.#,* ...##
##..# #.# #####.#*#.** ###.##
##.### ####.# #.# *,*


You could see a gargoyle.

Vanquished Creatures
  An ice beast (D:5)
  A black bear (D:5)
  A bullfrog (D:6)
  A water moccasin skeleton (D:4)
  A crimson imp (D:2)
  A hound (D:4)
  A bullfrog skeleton (D:4)
  A centaur skeleton (D:4)
  2 jellies (D:5)
  Jessica (D:2)
  2 iguanas
  2 orc wizards (D:3)
  A worker ant (D:3)
  8 gnolls
  8 adders
  2 dart slugs
  9 orcs
  2 giant cockroaches
  3 goblins
  11 hobgoblins
  7 jackals
  3 quokkas
  2 bats (D:1)
  3 frilled lizards
  8 kobolds
  3 rats
85 creatures vanquished.

Notes
Turn   | Place    | Note
-------+----------+-------------------------------------------
     0 | D:1      | Blackhawk the Demonspawn Gladiator began the quest for the
                  | Orb.
     0 | D:1      | Reached XP level 1. HP: 16/16 MP: 1/1
   375 | D:1      | Gained mutation: You have a pair of small antennae on your
                  | head. [demonic ancestry]
   375 | D:1      | Reached XP level 2. HP: 22/22 MP: 2/2
   975 | D:2      | Found a burning altar of Makhleb.
   975 | D:2      | Noticed a crimson imp
  1082 | D:2      | Killed a crimson imp
  1082 | D:2      | Gained mutation: You have sharp toenails. [demonic
                  | ancestry]
  1082 | D:2      | Reached XP level 3. HP: 16/28 MP: 3/3
  1093 | D:2      | Became a worshipper of Makhleb the Destroyer
  1326 | D:2      | Reached XP level 4. HP: 18/34 MP: 4/4
  1846 | D:2      | Noticed Jessica
  1852 | D:2      | Killed Jessica
  1955 | D:2      | Found a bloodstained altar of Trog.
  2398 | D:3      | Gained mutation: You have sharp fingernails. [demonic
                  | ancestry]
  2398 | D:3      | Reached XP level 5. HP: 41/41 MP: 5/5
  2673 | D:3      | Reached * piety under Makhleb
  3057 | D:3      | Reached skill level 1 in Armour
  3057 | D:3      | Reached skill level 1 in Shields
  3185 | D:3      | Gained mutation: You are slightly more attuned to the
                  | shadows. [demonic ancestry]
  3185 | D:3      | Reached XP level 6. HP: 43/47 MP: 6/6
  3712 | D:4      | Found a staircase to the Ecumenical Temple.
  4134 | D:4      | Found an opulent altar of Gozag.
  4301 | D:4      | Found Minocw's Distillery.
  4304 | D:4      | Bought a potion of curing for 30 gold pieces
  4321 | D:4      | Found Atixoeph's Book Boutique.
  4487 | D:5      | Entered Level 5 of the Dungeon
  4845 | D:5      | Gained mutation: You are significantly more attuned to the
                  | shadows. [demonic ancestry]
  4845 | D:5      | Reached XP level 7. HP: 47/53 MP: 7/7
  6201 | D:6      | Noticed a gargoyle
  6283 | D:6      | Killed from afar by a gargoyle

Levels and vault maps discovered:
D:1:      dpeg_arrival_refuge, layout_rooms
D:2:      layout_basic, lemuel_doored_altar, makhleb_grotto_becter,
          chequers_arboretum, uniq_jessica
D:3:      layout_basic
D:4:      layout_basic, minmay_temple_entry_hall, serial_shops, shop,
          nicolae_shop_crystal, nicolae_gozag_seed_capital
D:5:      layout_loops_corners, first_ration
D:6:      layout_loops_ring, kennysheep_little_box, uniq_grinder

Skill      XL: |  1  2  3  4  5  6  7 |
---------------+----------------------+-----
Throwing       | 2 |  2.7
Dodging        | 3 4 |  4.2
Axes           | 3 4 |  4.7
Fighting       | 3 4 |  4.5
Armour         | 1 2 |  2.6
Shields        | 1 2 |  2.7

Action                   |  1- 3 |  4- 6 |  7- 9 || total
-------------------------+-------+-------+-------++-------
Melee: War axe           |   151 |   196 |    78 ||   425
       Kick              |     2 |    46 |       ||    48
  Use: Scroll            |       |       |     9 ||     9
       Potion            |       |       |     1 ||     1
  Eat: Chunk             |     1 |    10 |     5 ||    16
Armor: Chain mail        |   114 |   137 |       ||   251
       Leather armour    |     4 |       |       ||     4
       Plate armour      |       |    27 |    73 ||   100
Dodge: Dodged            |    62 |    70 |    30 ||   162
Block: Buckler           |    19 |    30 |    24 ||    73

Table legend:
 A = Non-vault XP
 B = Vault XP
 C = Vault XP percentage of total XP
 D = Non-vault monster count
 E = Vault monster count
 F = Vault count percentage of total count
                 A         B        C        D         E       F
            +---------+---------+-------+---------+---------+-------
      Total |    1140 |      89 |   7.2 |      83 |       2 |   2.4
            +---------+---------+-------+---------+---------+-------
        D:1 |      34 |       0 |   0.0 |      12 |       0 |   0.0
        D:2 |      62 |      89 |  58.9 |      16 |       2 |  11.1
        D:3 |     228 |       0 |   0.0 |      31 |       0 |   0.0
        D:4 |     267 |       0 |   0.0 |       8 |       0 |   0.0
        D:5 |     459 |       0 |   0.0 |      14 |       0 |   0.0
        D:6 |      90 |       0 |   0.0 |       2 |       0 |   0.0
            +---------+---------+-------+---------+---------+-------
